cohdb
Replays
Latest Replays
All Replays
Popular Replays
Top Player Replays
Match Explorer
How It Works
Community
CoH3 Stats
Reddit
Sign in to upload your games and track your stats! →
Sign in with Steam
Match 39797440
Unlisted
Match 39797440
Overview
Messages
Build Orders
End
Panzergrenadier Squad
250 Light Carrier
250 Light Carrier
Construct Light Support Kompanie
Selects Italian Infantry
Construct Mechanized Kompanie
Selects Guastatori Squad
Guastatori Squad
Support Armor Elements
Guastatori Squad
StuG III D Assault Gun
2.5-tonne Medical Truck
Marder III Tank Destroyer
StuG III D Assault Gun
Selects Registered Artillery
Selects Defensive Operations
Marder III Tank Destroyer
Marder III Tank Destroyer
ST Hélios | No Game No Life
Luchadores Mexicanos
sharpshooter
CatUnderHelmet
0
0
Comments
sign in to comment!
No comments posted yet!